 Dungeon Crawl Stone Soup version 0.23.2-33-g5129a83184 (webtiles) character file.

Game seed: 16499969661757645334

2863 Aesthetico the Spear-Bearer (level 9, -1/54 HPs)
             Began as a Tengu Monk on July 19, 2019.
             Was a High Priest of Uskayaw.
             Slain by a sky beast (2 damage)
             ... on level 9 of the Dungeon.
             The game lasted 00:27:38 (8072 turns).

Aesthetico the Spear-Bearer (Tengu Monk)            Turns: 8072, Time: 00:27:39

Health: -1/54      AC: 17    Str: 13    XL:     9   Next: 75%
Magic:  7/9        EV:  6    Int: 11    God:    Uskayaw [*****.]
Gold:   457        SH:  0    Dex: 18    Spells: 8/8 levels left

rFire    + . .     SeeInvis .   b - +2 halberd
rCold    + . .     Gourm    .   (shield currently unavailable)
rNeg     . . .     Faith    .   q - +3 plate armour {rF+}
rPois    .         Spirit   .   (helmet restricted)
rElec    .         Reflect  .   o - scarf {repulsion}
rCorr    .         Harm     .   v - +0 pair of gloves
MR       .....                  (boots unavailable)
Stlth    ..........             (no amulet)
HPRegen  0.00/turn              x - +2 ring of slaying
MPRegen  0.11/turn              (no ring)

@: lethally poisoned (-1 -> -9), flying quickly and evasively, hasted, repel
missiles, very quick
A: beak, talons 3, cold resistance 1, low mp 1, mutation resistance 1, inhibited
regeneration, able to fly
a: Stop Flying, Stomp, Line Pass, Grand Finale, Renounce Religion


You were on level 9 of the Dungeon.
You worshipped Uskayaw.
Uskayaw was noncommittal.
You were not hungry.

You visited 1 branch of the dungeon, and saw 9 of its levels.

You collected 457 gold pieces.

Inventory:

Hand Weapons
 b - a +2 halberd (weapon)
Missiles
 m - 4 javelins (quivered)
Armour
 o - a scarf of repulsion (worn)
 q - a +3 plate armour of fire resistance (worn)
 r - a cursed +0 shield
 v - a +0 pair of gloves (worn)
Jewellery
 x - a +2 ring of slaying (left hand)
Wands
 a - a wand of polymorph (6)
Scrolls
 f - 8 scrolls of identify
 g - 6 scrolls of teleportation
 j - 3 scrolls of remove curse
 l - a scroll of fog
Potions
 e - 3 potions of flight
Comestibles
 c - 11 rations
 h - 2 chunks of flesh


   Skills:
 - Level 5.3 Fighting
 - Level 10.0 Polearms
 - Level 7.2 Armour
 - Level 3.2 Dodging
 - Level 2.0 Stealth
 + Level 5.4 Shields


You had 8 spell levels left.
You didn't know any spells.
Your spell library was empty.

Dungeon Overview and Level Annotations

Branches:
Dungeon (9/15)             Temple (0/1) D:7
   Lair: D:8-11         Orc: D:9-12

Altars:
Elyvilon
Fedhas
Makhleb
Nemelex Xobeh
Ru
Uskayaw
Zin


Innate Abilities, Weirdness & Mutations

You have a beak for a mouth.
You have claws for feet.
You can fly continuously.
Your flesh is cold resistant. (rC+)
Your magical capacity is low. (-10% MP)
You are somewhat resistant to further mutation.
You do not regenerate when monsters are visible.


Message History

You closely miss something. You peck something.
You feel sick. Something hits you but does no damage.
An orc warrior comes into view. It is wielding a +0 battleaxe.
You can now merge with and destroy a victim.
You barely miss something. Your kick misses something.
You feel sick. Something hits you.
* * * LOW HITPOINT WARNING * * *
Something shocks you.
* * * LOW HITPOINT WARNING * * *
Unknown command.
It was a potion of haste.
You feel yourself speed up. Something hits you.
* * * LOW HITPOINT WARNING * * *
Something shocks you.
* * * LOW HITPOINT WARNING * * *
As you read the scroll labeled YTESIZ UDDUAMP, it crumbles to dust.
It is a scroll of enchant armour.
Your +2 plate armour of fire resistance glows green for a moment.
* * * LOW HITPOINT WARNING * * *
You feel sick. Something hits you.
You die...

# .# #.## ...#
...# ###...#
#..# ##.......
#..###<..#.#.#
#.....#..o...
####÷.##.#.#.#
#.....#†......
#..###@{..#.#.#
.... ###.......
#.# ..#.#.# ..
....... #
....... .......
#######


You could see an orc warrior.

Vanquished Creatures
  An ugly thing (D:7)
  Prince Ribbit (D:7)
  Eustachio (D:5)
  A soldier ant (D:9)
  An eye of draining (D:6)
  2 orc warriors
  A phantom (D:4)
  An ogre (D:7)
  2 wolves (D:8)
  A crocodile (D:8)
  3 bullfrogs
  A killer bee (D:9)
  A howler monkey (D:9)
  2 crimson imps
  A centaur zombie (D:6)
  5 hounds
  A bullfrog zombie (D:6)
  2 orc priests
  5 orc wizards
  2 jellies
  2 centaur skeletons
  3 bullfrog skeletons
  An iguana (D:9)
  6 worker ants
  A killer bee zombie (D:8)
  A hound zombie (D:7)
  4 gnolls (D:7)
  6 adders
  An ooze (D:4)
  2 adder skeletons
  A worm (D:2)
  3 dart slugs
  4 leopard geckos
  25 orcs
  2 giant cockroaches
  11 goblins
  13 hobgoblins
  A jackal (D:2)
  5 quokkas
  A ball python (D:1)
  11 bats
  5 frilled lizards
  8 kobolds
  A quokka skeleton (D:4)
  9 rats
162 creatures vanquished.

Notes
Turn   | Place    | Note
-------+----------+-------------------------------------------
     0 | D:1      | Aesthetico the Tengu Monk began the quest for the Orb.
     0 | D:1      | Reached XP level 1. HP: 14/14 MP: 2/2
    52 | D:1      | Reached XP level 2. HP: 14/19 MP: 3/3
    66 | D:1      | Reached skill level 4 in Polearms
   274 | D:1      | Reached XP level 3. HP: 9/23 MP: 4/4
   587 | D:2      | Reached skill level 5 in Polearms
   772 | D:2      | Reached XP level 4. HP: 23/28 MP: 5/5
  1386 | D:3      | Found a blossoming altar of Fedhas.
  1404 | D:3      | Reached skill level 6 in Polearms
  1458 | D:3      | Gained mutation: You can fly continuously. [Tengu growth]
  1458 | D:3      | Reached XP level 5. HP: 17/32 MP: 6/6
  1484 | D:3      | Found a burning altar of Makhleb.
  1653 | D:3      | Reached skill level 7 in Polearms
  2253 | D:3      | Reached XP level 6. HP: 34/37 MP: 7/7
  3334 | D:4      | Found a sparkling altar of Nemelex Xobeh.
  3418 | D:4      | Noticed a phantom
  3457 | D:4      | Killed a phantom
  3457 | D:4      | Reached skill level 8 in Polearms
  3831 | D:5      | Entered Level 5 of the Dungeon
  3881 | D:5      | Reached XP level 7. HP: 41/41 MP: 8/8
  3990 | D:5      | Noticed Eustachio
  4176 | D:5      | Killed Eustachio
  4176 | D:5      | Reached skill level 9 in Polearms
  4205 | D:5      | Found a white marble altar of Elyvilon.
  4283 | D:5      | Gained mutation: Armour fits poorly on your strangely
                  | shaped body. [potion of mutation]
  4283 | D:5      | Gained mutation: Your magical capacity is low. (-10% MP)
                  | [potion of mutation]
  4283 | D:5      | Gained mutation: You are weak. (Str -2) [potion of
                  | mutation]
  4283 | D:5      | Gained mutation: Your flesh is cold resistant. (rC+)
                  | [potion of mutation]
  4284 | D:5      | Lost mutation: Armour fits poorly on your strangely shaped
                  | body. [potion of mutation]
  4284 | D:5      | Lost mutation: You are weak. (Str -2) [potion of mutation]
  4284 | D:5      | Gained mutation: You do not regenerate when monsters are
                  | visible. [potion of mutation]
  4284 | D:5      | Gained mutation: You are somewhat resistant to further
                  | mutation. [potion of mutation]
  4919 | D:6      | Reached skill level 10 in Polearms
  4939 | D:6      | Reached XP level 8. HP: 46/46 MP: 8/8
  5419 | D:6      | Reached skill level 5 in Fighting
  5562 | D:6      | Reached skill level 1 in Armour
  5869 | D:7      | Found a transporter.
  5870 | D:7      | Found a hide-covered altar of Uskayaw.
  5871 | D:7      | Found a glowing silver altar of Zin.
  5872 | D:7      | Found a sacrificial altar of Ru.
  5872 | D:7      | Noticed a red ugly thing
  5874 | D:7      | Noticed Prince Ribbit
  5884 | D:7      | Killed Prince Ribbit
  5895 | D:7      | Found a transporter.
  5917 | D:7      | Reached skill level 5 in Armour
  5978 | D:7      | Killed a red ugly thing
  5978 | D:7      | Reached XP level 9. HP: 39/54 MP: 9/9
  6196 | D:7      | Became a worshipper of Uskayaw the Reveler
  6196 | D:7      | Reached * piety under Uskayaw
  6219 | D:7      | Reached ** piety under Uskayaw
  6301 | D:7      | Reached *** piety under Uskayaw
  6309 | D:7      | Reached **** piety under Uskayaw
  6319 | D:7      | Reached skill level 1 in Shields
  6319 | D:7      | Reached ***** piety under Uskayaw
  6332 | D:7      | Found a staircase to the Ecumenical Temple.
  6356 | D:7      | HP: 2/54 [gnoll/cursed -3 halberd (6)]
  6709 | D:7      | Noticed a brown ugly thing
  8059 | D:9      | Reached skill level 5 in Shields
  8071 | D:9      | HP: 2/54 [something (5)]
  8072 | D:9      | Slain by a sky beast

Skill      XL: |  1  2  3  4  5  6  7  8  9 |
---------------+----------------------------+-----
Polearms       | 4 5 6 7 8 10 | 10.0
Fighting       | 5 |  5.3
Armour         | 6 7 |  7.2
Shields        | 5 |  5.4
Dodging        | |  3.2
Stealth        | |  2.0

Action                   |  1- 3 |  4- 6 |  7- 9 || total
-------------------------+-------+-------+-------++-------
Melee: Spear             |   102 |   222 |   255 ||   579
       Peck              |    15 |    26 |    63 ||   104
       Kick              |    17 |    47 |    88 ||   152
       Halberd           |       |       |    82 ||    82
Throw: Javelin           |       |       |     3 ||     3
Invok: Stomp             |       |       |     5 ||     5
 Abil: Fly               |       |       |     1 ||     1
  Use: Potion            |       |     3 |    14 ||    17
       Scroll            |       |       |    15 ||    15
 Stab: Sleeping          |     8 |     5 |     2 ||    15
       Paralysed         |       |       |     5 ||     5
  Eat: Chunk             |       |     9 |    14 ||    23
Armor: Robe              |     5 |     8 |    16 ||    29
       Skin              |       |       |    10 ||    10
       Plate armour      |       |       |    68 ||    68
Dodge: Dodged            |    38 |    96 |   134 ||   268
       Deflected         |       |     1 |     1 ||     2
